 Dungeon Crawl Stone Soup version 0.18-a0-1687-gc97eaad (webtiles) character file.

19972 vdate the Quickloader (level 12, -4/101 HPs)
             Began as a Minotaur Fighter on Mar 12, 2016.
             Was a Follower of Ukayaw.
             Killed from afar by Ekaitz's ghost (23 damage)
             ... with an orb of energy
             ... in a bailey.
             The game lasted 01:09:51 (14458 turns).

vdate the Quickloader (Minotaur Fighter)           Turns: 14458, Time: 01:09:51

Health: -4/101     AC: 11    Str: 27    XL:     12   Next: 41%
Magic:  23/23      EV: 27    Int:  9    God:    Ukayaw [*.....]
Gold:   997        SH:  0    Dex: 29    Spells: 0 memorised, 11 levels left

rFire  . . .     SeeInvis .     a - +4 great sword of Regicide {freeze, Str+4 Dex+5 Stlth+}
rCold  + . .     Gourm    .     J - +1 robe "Qeunudac" {rC+ MP+9 Dex+6 Stlth-}
rNeg   . . .     Faith    +     (shield currently unavailable)
rPois  .         Spirit   .     (helmet unavailable)
rElec  .         Dismiss  .     U - +2 cloak
rCorr  .         Reflect  .     s - +0 pair of gloves
SustAt .         Harm     .     (no boots)
MR     +....                    F - amulet of faith
Stlth  +++.......               n - ring of protection from magic
                                I - +4 ring of intelligence

@: agile, somewhat resistant to hostile enchantments, fairly stealthy
A: retaliatory headbutt, horns 3, molten scales 1, yellow scales 1
a: Stomp, Renounce Religion


You were in a bailey.
You worshipped Ukayaw.
Ukayaw was aware of your devotion.
You were not hungry.

You visited 4 branches of the dungeon, and saw 15 of its levels.
You also visited: Bailey.

You collected 997 gold pieces.

Inventory:

Hand Weapons
 a - the +4 great sword of Regicide (weapon) {freeze, Str+4 Dex+5 Stlth+}
   (You found it on level 10 of the Dungeon)

   It has been specially enchanted to freeze those struck by it, causing extra
   injury to most foes and up to half again as much damage against particularly
   susceptible opponents.
   It can also slow down cold-blooded creatures.
   It affects your strength (+4).
   It affects your dexterity (+5).
   It makes you more stealthy.
 b - a +7 hand crossbow of venom
 C - a +0 hand axe of flaming
Missiles
 g - 6 poisoned tomahawks (quivered)
 t - 58 bolts
 w - 6 poisoned bolts
 y - 7 bolts of frost
 X - 8 tomahawks of returning
Armour
 c - a +0 shield
 m - a +1 ring mail of magic resistance
 s - a +0 pair of gloves (worn)
 J - the +1 robe "Qeunudac" (worn) {rC+ MP+9 Dex+6 Stlth-}
   (You took it off an orc on level 12 of the Dungeon)

   It affects your dexterity (+6).
   It protects you from cold.
   It affects your magic capacity (+9).
   It makes you less stealthy.
 U - a +2 cloak (worn)
Jewellery
 n - a ring of protection from magic (right hand)
 q - an uncursed ring of ice
 z - an uncursed amulet of magic regeneration {unknown}
 F - an amulet of faith (around neck)
 I - a +4 ring of intelligence (left hand)
Wands
 p - a wand of digging (7/24)
 x - a wand of teleportation (5/9)
 B - a wand of lightning (8/15)
 D - a wand of confusion (18/48)
 E - a wand of paralysis (12/24)
 H - a wand of disintegration (9/24)
 M - a wand of flame (32/48)
 O - a wand of polymorph (12/24)
 R - a wand of teleportation (2/9)
 T - a wand of slowing (38/48)
 W - a wand of confusion (31/48)
 Z - a wand of flame (7/48)
Scrolls
 e - 5 scrolls of fog
 h - 3 scrolls of remove curse
 j - 4 scrolls of magic mapping
 l - 2 scrolls of fear
 N - 2 scrolls of teleportation
 Q - a scroll of amnesia {unknown}
 S - a scroll of identify
Potions
 d - 3 potions of might
 o - 2 potions of invisibility
 v - 6 potions of curing
 G - 2 potions of flight
 K - 4 potions of magic
 L - a potion of agility
Miscellaneous
 A - a disc of storms
 P - a phial of floods
Comestibles
 f - 7 bread rations
 i - 45 fruits
 k - 8 meat rations
 r - a royal jelly
 u - a beef jerky
 V - 6 chunks of flesh


   Skills:
 + Level 8.1 Fighting
 * Level 7.8 Long Blades
 - Level 7.0 Axes
   Level 0.8 Staves
 * Level 11.4 Crossbows
 - Level 2.8 Throwing
 + Level 8.4 Armour
 + Level 8.3 Dodging
 - Level 0.1 Stealth
 + Level 8.6 Shields
 * Level 5.3 Invocations
 * Level 5.1 Evocations


You had 11 spell levels left.
You didn't know any spells.

Dungeon Overview and Level Annotations

Branches:
Dungeon (12/15)            Temple (1/1) D:6            Lair (1/8) D:11
    Orc (1/2) D:9

Altars:
Ashenzari
Cheibriados
Dithmenos
Elyvilon
Fedhas
Gozag
Hepliaklqana
Kikubaaqudgha
Makhleb
Nemelex Xobeh
Okawaru
Pakellas
Qazlal
Ru
Sif Muna
Trog
Ukayaw
Vehumet
Xom
Yredelemnul
Zin
The Shining One

Shops:
D:4 =   D:10 [   D:11 %

Annotations:
Bailey Ekaitz's ghost, novice DrCj


Innate Abilities, Weirdness & Mutations

You reflexively headbutt those who attack you in melee.
You have a pair of large horns on your head.
You are partially covered in molten scales (AC +1).
You are partially covered in yellow scales (AC +2).


Message History

Ekaitz's ghost is moderately damaged.
Ekaitz's ghost closely misses you. You furiously retaliate!
You headbutt Ekaitz's ghost, but do no damage.
You miss Ekaitz's ghost. Your headbutt misses Ekaitz's ghost.
Ekaitz's ghost is moderately damaged.
Ekaitz's ghost completely misses you. You furiously retaliate!
You headbutt Ekaitz's ghost! You barely miss Ekaitz's ghost.
Ekaitz's ghost is heavily damaged.
Ekaitz's ghost completely misses you.
You slice Ekaitz's ghost!! You freeze Ekaitz's ghost.
Your headbutt misses Ekaitz's ghost.
Ekaitz's ghost is almost destroyed.
Ekaitz's ghost points at you and mumbles some strange words.
The orb of energy hits you!
* * * LOW HITPOINT WARNING * * *
The orb of energy explodes!
Ekaitz's ghost points at you and mumbles some strange words.
The orb of energy hits you!
You die...

### ##∩#
#@##
#..KKW##
#...KK
.'..∩.g
##.....
#!....
+##'##
#.


You could see Ekaitz's ghost, a hobgoblin and 4 kobolds.

Vanquished Creatures
  Fannar (D:10)
  A tengu warrior (D:10)
  Nergalle (D:10)
  The ghost of MatlockB the Slicer, a novice SpEn of Hepliaklqana (Lair:1)
  4 hill giants
  A deep elf mage (D:12)
  3 cyclopes (D:12)
  2 manticores
  An ugly thing (D:12)
  3 spiny frogs (Lair:1)
  A gargoyle (D:11)
  2 komodo dragons (Lair:1)
  2 two-headed ogres
  21 yaks
  2 steam dragons (D:10)
  2 hungry ghosts
  2 hippogriffs
  Menkaure (D:4)
  3 water moccasins
  A porcupine (Lair:1)
  10 orc warriors
  3 wasps
  2 sky beasts (D:7)
  2 black bears (D:10)
  An ice beast (D:7)
  A phantom (D:10)
  An eye of draining (D:12)
  10 ogres
  8 centaurs
  5 crocodiles
  A big kobold (D:9)
  6 giant frogs
  A gnoll sergeant (D:5)
  2 wyvern skeletons
  3 scorpions
  6 killer bees (D:9)
  A water moccasin skeleton (D:10)
  8 wights
  2 crimson imps
  A centaur zombie (D:12)
  A giant frog zombie (D:5)
  2 jellies
  6 hounds
  7 orc priests
  Crazy Yiuf (D:7)
  A centaur skeleton (D:7)
  A giant frog skeleton (D:4)
  4 iguanas
  Natasha (twice) (D:3)
  8 orc wizards
  8 worker ants
  A hound zombie (D:7)
  2 hound skeletons
  3 worker ant zombies
  5 gnolls (D:5)
  14 adders
  A howler monkey skeleton (D:11)
  4 shadow imps
  3 adder skeletons
  An adder zombie (D:7)
  A worm (D:3)
  A dart slug (D:1)
  3 giant geckos
  52 orcs
  A ball python (D:3)
  7 bats
  13 giant cockroaches
  16 goblins
  12 hobgoblins
  12 jackals
  15 kobolds
  2 quokkas
  3 giant newts
  A quokka skeleton (D:4)
  A quokka zombie (D:6)
  15 rats
  4 plants
363 creatures vanquished.

Vanquished Creatures (others)
  A wight (D:10)
  17 plants
18 creatures vanquished.

Grand Total: 381 creatures vanquished

Notes
Turn   | Place    | Note
--------------------------------------------------------------
     0 | D:1      | vdate the Minotaur Fighter began the quest for the Orb.
     0 | D:1      | Reached XP level 1. HP: 19/19 MP: 0/0
   250 | D:1      | Reached XP level 2. HP: 27/27 MP: 1/1
   790 | D:1      | Reached XP level 3. HP: 33/33 MP: 2/2
  1172 | D:2      | Found an oddly glowing altar of Pakellas.
  1196 | D:2      | Found a shadowy altar of Dithmenos.
  1232 | D:2      | Found a stormy altar of Qazlal.
  1602 | D:3      | You fall through a shaft for 3 floors!
  1604 | D:6      | Reached XP level 4. HP: 41/41 MP: 3/3
  1611 | D:6      | Noticed an ogre
  1617 | D:6      | Killed an ogre
  1617 | D:6      | Reached skill level 1 in Crossbows
  1617 | D:6      | Reached skill level 1 in Dodging
  1617 | D:6      | Reached XP level 5. HP: 47/47 MP: 4/4
  1705 | D:6      | Found an opulent altar of Gozag.
  1737 | D:5      | Entered Level 5 of the Dungeon
  1825 | D:5      | Noticed an ogre
  1832 | D:5      | Killed an ogre
  1832 | D:5      | Reached skill level 2 in Crossbows
  1832 | D:5      | Reached skill level 5 in Shields
  1832 | D:5      | Reached XP level 6. HP: 55/55 MP: 5/5
  1866 | D:5      | Reached skill level 5 in Armour
  2028 | D:5      | Reached skill level 5 in Fighting
  2101 | D:5      | Found a shimmering altar of Xom.
  2154 | D:5      | Reached skill level 3 in Crossbows
  2672 | D:6      | Reached XP level 7. HP: 61/61 MP: 6/6
  2694 | D:6      | Found a sacrificial altar of Ru.
  2766 | D:4      | Noticed Menkaure
  2773 | D:4      | Killed Menkaure
  2773 | D:4      | Reached skill level 4 in Crossbows
  2963 | D:4      | Reached skill level 5 in Crossbows
  3009 | D:4      | Found Uweku's Jewellery Boutique.
  3501 | D:3      | Found a glowing golden altar of the Shining One.
  3565 | D:3      | Reached XP level 8. HP: 52/68 MP: 7/7
  3783 | D:3      | Noticed Natasha
  3803 | D:3      | Reached skill level 6 in Crossbows
  3806 | D:3      | Killed Natasha
  4247 | D:3      | Found a basalt altar of Yredelemnul.
  4250 | D:3      | Found a shadowy altar of Dithmenos.
  4264 | D:3      | Found an ancient bone altar of Kikubaaqudgha.
  4330 | D:3      | Noticed Natasha
  4332 | D:3      | Killed Natasha
  5054 | D:6      | Found a staircase to the Ecumenical Temple.
  5105 | Temple   | Entered the Ecumenical Temple
  5298 | Temple   | Became a worshipper of Ukayaw the Reveler
  5540 | D:7      | Reached * piety under Ukayaw
  5547 | D:7      | Reached ** piety under Ukayaw
  5562 | D:7      | Reached *** piety under Ukayaw
  5567 | D:7      | Reached skill level 1 in Evocations
  6002 | D:7      | Reached skill level 7 in Crossbows
  6020 | D:7      | Reached XP level 9. HP: 70/75 MP: 9/9
  6094 | D:7      | Reached skill level 5 in Axes
  6397 | D:7      | Noticed Crazy Yiuf
  6411 | D:7      | Killed Crazy Yiuf
  6956 | D:8      | Reached skill level 1 in Throwing
  7162 | D:8      | Found a hazy altar of Hepliaklqana.
  7186 | D:8      | Reached skill level 8 in Crossbows
  7266 | D:8      | Found a snail-covered altar of Cheibriados.
  7475 | D:8      | Reached skill level 5 in Dodging
  7577 | D:9      | Reached **** piety under Ukayaw
  7777 | D:9      | Reached XP level 10. HP: 74/83 MP: 11/11
  8021 | D:9      | Reached ***** piety under Ukayaw
  8185 | D:9      | Found a staircase to the Orcish Mines.
  8528 | D:10     | Entered Level 10 of the Dungeon
  8584 | D:10     | Noticed Fannar
  8626 | D:10     | Killed Fannar
  8626 | D:10     | Reached skill level 1 in Invocations
  8734 | D:10     | Got an encrusted great sword
  8736 | D:10     | Found Vuloazuq's Armour Shoppe.
  8986 | D:10     | Noticed a hill giant
  8999 | D:10     | Killed a hill giant
  8999 | D:10     | Reached skill level 9 in Crossbows
  9063 | D:10     | Identified the +4 great sword of Regicide {freeze, Str+4 Dex+5 Stlth+} (You found it on level 10 of the Dungeon)
  9566 | D:10     | Noticed Nergalle
  9581 | D:10     | Killed Nergalle
  9581 | D:10     | Reached skill level 1 in Long Blades
  9898 | D:10     | Noticed a tengu warrior
  9912 | D:10     | Killed a tengu warrior
  9912 | D:10     | Reached XP level 11. HP: 77/92 MP: 13/13
 10353 | D:11     | Found a staircase to the Lair.
 10624 | D:11     | Noticed a hill giant
 10631 | D:11     | Killed a hill giant
 10751 | Lair:1   | Entered Level 1 of the Lair of Beasts
 10770 | Lair:1   | Gained mutation: You are partially covered in yellow scales (AC +2). [potion of mutation]
 10770 | Lair:1   | Gained mutation: You are partially covered in molten scales (AC +1). [potion of mutation]
 10770 | Lair:1   | Gained mutation: You have a pair of large horns on your head. [potion of mutation]
 10979 | Lair:1   | Reached skill level 5 in Long Blades
 11205 | Lair:1   | Noticed MatlockB's ghost (novice SpEn)
 11226 | Lair:1   | Killed MatlockB's ghost
 11720 | Lair:1   | Reached skill level 10 in Crossbows
 12230 | D:11     | Found Qiaroso's Food Shop.
 12481 | D:12     | Noticed a hill giant
 12486 | D:12     | Killed a hill giant
 12567 | D:12     | Reached XP level 12. HP: 52/101 MP: 14/14
 13053 | D:12     | Reached skill level 5 in Invocations
 13223 | D:12     | Reached skill level 11 in Crossbows
 13451 | D:12     | HP: 3/101 [white ugly thing (32)]
 13479 | D:11     | Reached skill level 5 in Evocations
 13954 | D:12     | Got an opalescent robe
 13965 | D:12     | Identified the +1 robe "Qeunudac" {rC+ MP+9 Dex+6 Stlth-} (You took it off an orc on level 12 of the Dungeon)
 14325 | Orc:1    | Entered Level 1 of the Orcish Mines
 14421 | Orc:1    | Found a flagged portal.
 14438 | Bailey   | Entered a bailey
 14439 | Bailey   | Noticed Ekaitz's ghost (novice DrCj)
 14458 | Bailey   | Killed from afar by Ekaitz's ghost

Vault maps used:
D:1:      dpeg_arrival_round_b, minmay_bisected
D:2:      johnstein_pakellas_dig, overflow_temple_1_default,
          nicolae_dithmenos_shadow_blocks
D:3:      lemuel_doored_altar, gammafunk_temple_overflow_forgotten,
          guppyfry_early_orc_mine, uniq_natasha
D:4:      serial_shops, shop_coins, serial_park_tiny_1, uniq_menkaure
D:5:      kennysheep_mini_moat, first_bread
D:6:      nicolae_ru_awakened_eye, temple_statues, basic_altar
D:7:      hangedman_cross_stitches, uniq_crazy_yiuf_cottage
D:8:      kennysheep_mini, old_standard_altar
D:9:      david_orc_4
D:10:     serial_shops, shop, grunt_tengu_nest, uniq_nergalle, uniq_fannar
D:11:     dpeg_oklobed_lair, serial_shops, nicolae_shop_crystal
Temple:   dpeg_five_rooms_temple_12
Lair:1:   nicolae_quartered_pool_little
Orc:1:    enter_bailey_4
Bailey:   bailey_axe_2, bailey

Skill      XL: |  1  2  3  4  5  6  7  8  9 10 11 12 |
---------------+-------------------------------------+-----
Shields        | 4 5 6 7 8 |  8.6
Armour         | 4 5 6 7 8 |  8.4
Fighting       | 4 5 6 7 8 |  8.1
Axes           | 3 4 6 7 |  7.0
Crossbows      | 1 2 3 5 7 8 9 10 11 | 11.4
Dodging        | 1 2 4 5 6 7 8 |  8.3
Evocations     | 1 3 4 5 |  5.1
Throwing       | 2 |  2.8
Invocations    | 3 4 5 |  5.3
Long Blades    | 2 7 |  7.8
Staves         | |  0.8
Stealth        | |  0.1

Action                   |  1- 3 |  4- 6 |  7- 9 | 10-12 || total
-------------------------+-------+-------+-------+-------++-------
Melee: War axe           |   114 |    36 |   195 |   137 ||   482
       Hand axe          |       |       |   114 |       ||   114
       Quarterstaff      |       |       |    13 |       ||    13
       Great sword       |       |       |       |   211 ||   211
 Fire: Hand crossbow     |     2 |    45 |    53 |    95 ||   195
Throw: Tomahawk          |       |     2 |    30 |    35 ||    67
       Throwing net      |       |     1 |     3 |     2 ||     6
Invok: Stomp             |       |       |     6 |     2 ||     8
       Line Pass         |       |       |     1 |       ||     1
Evoke: Wand              |       |       |       |     7 ||     7
  Use: Scroll            |       |       |     4 |    29 ||    33
       Potion            |       |       |       |    13 ||    13
 Stab: Paralysed         |       |       |     7 |    16 ||    23
       Invisible         |       |       |       |     1 ||     1
       Sleeping          |       |       |       |     2 ||     2
  Eat: Chunk             |     2 |     3 |    19 |    23 ||    47
       Pizza             |       |       |     1 |       ||     1
       Beef jerky        |       |       |     1 |       ||     1
       Fruit             |       |       |     1 |       ||     1
